 Dungeon Crawl Stone Soup version 0.21.1-1-g345015fe64 (webtiles) character file.

535 Revguard the Chopper (level 7, -3/55 HPs)
             Began as a Demonspawn Chaos Knight on June 5, 2018.
             Killed by nerve-wracking pain
             ... invoked by Grinder
              (8 damage)
             ... on level 4 of the Dungeon.
             The game lasted 00:22:12 (3471 turns).

Revguard the Chopper (Demonspawn Chaos Knight)      Turns: 3471, Time: 00:22:12

Health: -3/55      AC: 15    Str: 10 (11) XL:     7   Next: 4%
Magic:  10/10      EV:  1    Int: 12 (13) God:    Xom [....*.]
Gold:   130        SH:  6    Dex:  3 (12) Spells: 11/11 levels left

rFire    + . .     SeeInvis .   a - +0 hand axe (chaos)
rCold    + . .     Gourm    .   (no shield)
rNeg     . . .     Faith    .   e - +1 plate armour
rPois    .         Spirit   .   (helmet restricted)
rElec    .         Reflect  +   i - +0 cloak
rCorr    .         Harm     .   (no gloves)
MR       .....                  (no boots)
Stlth    ..........             q - +6 amulet of reflection
HPRegen  0.18/turn              l - ring of protection from cold
MPRegen  0.12/turn              (no ring)

@: no status effects
A: horns 2, yellow scales 1, clumsy 1, deterioration 2, fire resistance 1, weak
1
a: Renounce Religion


You were on level 4 of the Dungeon.
You worshipped Xom.
You were a beloved toy of Xom.
You were very hungry.

You visited 1 branch of the dungeon, and saw 4 of its levels.

You collected 130 gold pieces.

Inventory:

Hand Weapons
 a - a +0 hand axe of chaos (weapon)
Armour
 b - a +2 leather armour
 e - a +1 plate armour (worn)
 i - a +0 cloak (worn)
Jewellery
 l - a ring of protection from cold (left hand)
 q - a +6 amulet of reflection (around neck)
Scrolls
 d - a scroll of remove curse
 f - a scroll of enchant armour
 g - a scroll of identify
 h - a scroll of teleportation {unknown}
 o - a scroll of enchant weapon
 r - a scroll of random uselessness
Potions
 j - a potion of flight
 m - a potion of agility
 n - 4 potions of curing
 p - a potion of heal wounds
 s - 4 potions of might
 t - a potion of lignification
Comestibles
 c - 5 rations


   Skills:
 + Level 4.3 Fighting
 + Level 5.2 Axes
 + Level 0.3 Throwing
 * Level 3.3 Armour
 + Level 1.0 Dodging
 * Level 2.5 Spellcasting


You had 11 spell levels left.
You didn't know any spells.

Dungeon Overview and Level Annotations

Branches:
Dungeon (4/15)
 Temple: D:4-7

Altars:
Elyvilon
Hepliaklqana
Wu Jian

Annotations:
D:4 Grinder


Innate Abilities, Weirdness & Mutations

You have a pair of horns on your head.
You are partially covered in yellow scales. (AC +2)
Your flesh is heat resistant. (rF+)
You are clumsy. (Dex -2)
Your body often deteriorates upon taking damage.
You are weak. (Str -2)


Message History

Your plate armour prevents you from hitting something.
Something hits you!
* * * LOW HITPOINT WARNING * * *
You writhe in agony.
* * * LOW HITPOINT WARNING * * *
Your plate armour prevents you from hitting something.
You headbutt something. Something hits you but does no damage.
Your plate armour prevents you from hitting something.
Something hits you!
* * * LOW HITPOINT WARNING * * *
You closely miss something.
Something tries to affect you, but you resist.
You completely miss something. Something hits you but does no damage.
You miss something. Something hits you but does no damage.
Your plate armour prevents you from hitting something.
Your headbutt misses something. Something hits you but does no damage.
Your plate armour prevents you from hitting something.
Your headbutt misses something. Something hits you but does no damage.
Pain shoots through your body!
You die...

... #####.# ..############.#
#.##........##.##
#.##.######.##.#. #. #.## #.##.#
#.##.#. #.#
#..###.###.##.######.##.## ...
.............)...........
####.###..######.##.#..#########
..#...........@{...............
#. #.....######......#########
#.###.....## #......# ######
###..........# #......# #.....
...........#.## #......# #.####
##......####..########..# #.#...
#.................# #..# #.##.#
#.......####..###.###..# #.#...
#.......#####...<.#....# #.#...


There were no monsters in sight!

Vanquished Creatures
  A sky beast (D:3)
  A centaur (D:3)
  An orc priest (D:3)
  A bullfrog skeleton (D:4)
  2 orc wizards (D:4)
  A worker ant (D:3)
  7 gnolls
  4 adders
  3 oozes
  A dart slug (D:1)
  2 leopard geckos
  13 orcs
  4 giant cockroaches
  7 goblins
  4 hobgoblins
  10 jackals
  7 kobolds
  7 bats
  3 frilled lizards
  A jackal skeleton (D:4)
  23 rats
  A plant (D:1)
104 creatures vanquished.

Vanquished Creatures (collateral kills)
  A hound skeleton (D:4)
  A dart slug (D:4)
2 creatures vanquished.

Grand Total: 106 creatures vanquished

Notes
Turn   | Place    | Note
-------+----------+-------------------------------------------
     0 | D:1      | Revguard the Demonspawn Chaos Knight began the quest for the Orb.
     0 | D:1      | Reached XP level 1. HP: 18/18 MP: 1/1
    36 | D:1      | Reached skill level 3 in Axes
    38 | D:1      | Gained mutation: Your flesh is heat resistant. (rF+) [demonic ancestry]
    38 | D:1      | Reached XP level 2. HP: 23/24 MP: 2/2
    94 | D:1      | XOM: harmless Pois miscast
   136 | D:1      | XOM: repel stairs
   173 | D:1      | XOM: harmless Pois miscast
   566 | D:1      | Reached skill level 1 in Dodging
   578 | D:1      | Gained mutation: You have a pair of small horns on your head. [demonic ancestry]
   578 | D:1      | Reached XP level 3. HP: 28/29 MP: 3/3
   580 | D:1      | XOM: 7-stop teleportation journey
   839 | D:1      | XOM: give mutation
   839 | D:1      | Gained mutation: You are weak. (Str -2) [Xom's mischief]
  1045 | D:2      | HP: 1/29 [poisoned by an adder]
  1231 | D:2      | XOM: god gift: 19 stones
  1332 | D:2      | Gained mutation: You have a pair of horns on your head. [demonic ancestry]
  1332 | D:2      | Reached XP level 4. HP: 32/35 MP: 4/4
  1346 | D:2      | Reached skill level 1 in Spellcasting
  1764 | D:2      | XOM: give mutations
  1764 | D:2      | Gained mutation: Your body sometimes deteriorates upon taking damage. [Xom's mischief]
  1764 | D:2      | Gained mutation: You are clumsy. (Dex -2) [Xom's mischief]
  1764 | D:2      | Gained mutation: Your body often deteriorates upon taking damage. [Xom's mischief]
  1977 | D:3      | Found an ornate altar of the Wu Jian Council.
  2038 | D:3      | Noticed a centaur
  2042 | D:3      | XOM: 4-stop teleportation journey
  2061 | D:3      | Reached skill level 4 in Axes
  2061 | D:3      | Gained mutation: You are partially covered in yellow scales. (AC +2) [demonic ancestry]
  2061 | D:3      | Reached XP level 5. HP: 23/42 MP: 7/7
  2066 | D:3      | XOM: enchant monster (bad)
  2073 | D:3      | Killed a centaur
  2259 | D:3      | XOM: 3-stop teleportation journey
  2268 | D:3      | Found a white marble altar of Elyvilon.
  2358 | D:3      | Noticed a sky beast
  2376 | D:3      | Killed a sky beast
  2376 | D:3      | Reached XP level 6. HP: 33/48 MP: 7/9
  2542 | D:3      | Found a faded altar of an unknown god.
  2650 | D:3      | XOM: mild Fire miscast
  2869 | D:4      | XOM: confuse monster(s)
  2893 | D:4      | Reached skill level 5 in Axes
  2917 | D:4      | Found a hazy altar of Hepliaklqana.
  2976 | D:4      | XOM: summons friendly shadow imp
  3239 | D:4      | Reached XP level 7. HP: 44/55 MP: 10/10
  3243 | D:4      | XOM: summons 3 hostile demons
  3392 | D:4      | Noticed Grinder
  3398 | D:4      | XOM: enchant monster (bad)
  3405 | D:4      | XOM: summons 2 hostile shadow creatures
  3409 | D:4      | XOM: cleaving
  3430 | D:4      | Paralysed by Grinder for 3 turns
  3471 | D:4      | Killed from afar by Grinder

Skill      XL: |  1  2  3  4  5  6 |
---------------+-------------------+-----
Axes           | 3 4 5 |  5.2
Dodging        | 1 |  1.0
Armour         | 2 3 |  3.3
Spellcasting   | 1 2 |  2.5
Fighting       | 4 |  4.3
Throwing       | |  0.3

Action                   |  1- 3 |  4- 6 |  7- 9 || total
-------------------------+-------+-------+-------++-------
Melee: Hand axe          |   159 |   224 |   109 ||   492
       Headbutt          |    11 |    30 |     9 ||    50
Throw: Stone             |     5 |     1 |       ||     6
  Use: Potion            |     1 |     2 |     1 ||     4
       Scroll            |       |     9 |       ||     9
 Stab: Petrifying        |     2 |     2 |       ||     4
       Confused          |     3 |     1 |       ||     4
       Petrified         |       |     3 |       ||     3
       Paralysed         |       |       |     1 ||     1
  Eat: Chunk             |     1 |       |       ||     1
       Ration            |       |     2 |       ||     2
Armor: Leather armour    |    20 |       |       ||    20
       Plate armour      |    96 |   192 |   179 ||   467
Dodge: Dodged            |    51 |    21 |     6 ||    78
Block: Other             |       |    38 |    22 ||    60
       Reflection        |       |     5 |       ||     5
